 Dungeon Crawl Stone Soup version 0.31.0 (webtiles) character file.

Game seed: 4432899358228003506

513 qw the Shooter (level 7, 0/43 HPs)
             Began as a Gargoyle Hunter on Jan 19, 2024.
             Slain by Dowan
             ... wielding a +0 dagger
              (4 damage)
             ... on level 4 of the Dungeon.
             The game lasted 00:00:17 (2833 turns).

qw the Shooter (Gargoyle Hunter)                    Turns: 2833, Time: 00:00:18

Health: 0/43       AC: 11    Str: 14    XL:     7   Next: 19%
Magic:  7/7        EV: 16    Int: 10    God:
Gold:   164        SH:  0    Dex: 15    Spells: 6/6 levels left

rFire   . . .        a - +1 shortbow
rCold   . . .        (shield currently unavailable)
rNeg    + . .        d - +0 ring mail
rPois   inf          c - +1 hat
rElec   +            (no cloak)
rCorr   .            (no gloves)
SInv    .            (no boots)
Will    .....        (no amulet)
Stlth   +            e - +5 ring of evasion
HPRegen 0.27/turn    (no ring)
MPRegen 0.10/turn

%: no passive effects
@: no status effects
A: sickness immunity, AC +4, negative energy resistance 1, electricity
resistance, torment resistance 1, petrification resistance
a: no special abilities


You were on level 4 of the Dungeon.
You visited 1 branch of the dungeon, and saw 4 of its levels.

You collected 164 gold pieces.


Innate Abilities, Weirdness & Mutations

You are immune to sickness and miasma.
Your stone body is resilient. (AC +4)
You are immune to poison.
You resist negative energy. (rN+)
You are resistant to electric shocks. (rElec)
You are resistant to unholy torment.
You are immune to petrification.


   Skills:
 - Level 4.1 Fighting
 + Level 7.6 Ranged Weapons
 - Level 1.3 Armour
 - Level 1.5 Dodging
 - Level 1.1 Stealth


You had 6 spell levels left.
You didn't know any spells.
Your spell library was empty.

Inventory:

Hand Weapons
 a - a +1 shortbow (weapon)
Armour
 c - a +1 hat (worn)
 d - a +0 ring mail (worn)
Jewellery
 e - a +5 ring of evasion (left hand)
Scrolls
 b - a scroll of fear {unknown}
 g - a scroll of identify
Potions
 f - 2 potions of lignification {unknown}
 h - a potion of cancellation
 i - a potion of berserk rage {unknown}
 j - a potion of enlightenment
 k - 2 potions of curing
 l - a potion of experience {unknown}

Dungeon Overview and Level Annotations

Branches:
Dungeon (4/15)
 Temple: D:4-7

Altars:
Gozag
Trog

Annotations:
D:4 Dowan, Duvessa


Message History

Duvessa is moderately wounded.
Duvessa hits you with a +0 short sword of protection.
Duvessa closely misses you. Dowan gestures at you while chanting.
The puff of flame hits you but does no damage.
You shoot an arrow. The arrow closely misses Duvessa.
Duvessa closely misses you. x2
You shoot an arrow.
The arrow hits Duvessa but does no damage.
Duvessa is moderately wounded.
Duvessa barely misses you.
Dowan points at you and mumbles some strange words.
The puff of flame misses you.
You shoot an arrow. The arrow hits Duvessa.
Duvessa is heavily wounded.
Duvessa barely misses you. Dowan barely misses you. Duvessa closely misses you.
You shoot an arrow. The arrow hits Duvessa.
Duvessa is heavily wounded.
Duvessa hits you but does no damage. Dowan closely misses you.
Duvessa completely misses you.
You shoot an arrow.
The arrow hits Duvessa but does no damage.
Duvessa is heavily wounded.
Duvessa hits you with a +0 short sword of protection.
Dowan hits you but does no damage.
Duvessa hits you with a +0 short sword of protection.
You shoot an arrow. The arrow hits Duvessa.
Duvessa is heavily wounded.
Dowan hits you but does no damage.
Duvessa hits you with a +0 short sword of protection.
Dowan hits you with a +0 dagger.
You shoot an arrow. The arrow hits Duvessa!
Duvessa is severely wounded.
Duvessa hits you with a +0 short sword of protection!
Duvessa misses you.
Dowan points at you and mumbles some strange words.
The puff of frost hits you.
You shoot an arrow. The arrow barely misses Duvessa.
Duvessa hits you but does no damage. Dowan hits you with a +0 dagger.
You die...

# #...........#
#...........# ...
#...........# ....
#...........# #.... #
##...........# .....
###...........# ......
.#............# #?.....
...##.........###e......
..###.........#e@.......
..# ##..................
.....#..................
...............#........
...##.........##........
...######...%###........
... ###...##........ >.
###..###...... .
##...##...


You could see Duvessa (fast) and Dowan.

Vanquished Creatures
  A scorpion (D:4)
  A gnoll bouda (D:4)
  A hound (D:4)
  2 orc priests (D:3)
  3 sleepcaps (D:3)
  Jessica (D:3)
  An iguana (D:4)
  An orc wizard (D:3)
  6 adders
  5 gnolls (D:4)
  A dart slug (D:1)
  A ribbon worm (D:2)
  6 orcs
  8 endoplasms
  5 goblins
  7 hobgoblins
  2 jackals (D:2)
  3 kobolds
  A quokka (D:4)
  12 ball pythons
  4 bats
  5 frilled lizards
  4 rats
81 creatures vanquished.

Notes
Turn   | Place    | Note
-------+----------+-------------------------------------------
     0 | D:1      | qw the Gargoyle Hunter began the quest for the Orb.
     0 | D:1      | Reached XP level 1. HP: 12/12 MP: 1/1
     0 | D:1      | 0 ||| qw: Version: 0.3-a-132-g3d54051
     0 | D:1      | 0 ||| qw: Game counter: 41
     0 | D:1      | 0 ||| qw: Melee chars always use a shield: true
     0 | D:1      | 0 ||| qw: God list: Okawaru
     0 | D:1      | 0 ||| qw: Allow faded altars: false
     0 | D:1      | 0 ||| qw: Do Orc after clearing Dungeon:15 true
     0 | D:1      | 0 ||| qw: Do second Lair branch before Depths: true
     0 | D:1      | 0 ||| qw: Lair rune preference: random
     0 | D:1      | 0 ||| qw: Goals: Normal
     0 | D:1      | 0 ||| PLANNING D:1-11
    86 | D:1      | Reached XP level 2. HP: 17/17 MP: 2/2
   389 | D:1      | Reached XP level 3. HP: 21/21 MP: 3/3
   415 | D:1      | 415 ||| UPGRADING to +0 ring mail.
   425 | D:1      | 425 ||| DROPPING +0 leather armour.
   426 | D:1      | 426 ||| UPGRADING to +5 ring of evasion.
   427 | D:1      | 427 ||| READING scroll labelled LYVASIH WUSOS.
   441 | D:1      | 441 ||| READING 2 scrolls labelled MIKOSMUIWK.
   442 | D:1      | 442 ||| DROPPING scroll of butterflies.
   554 | D:2      | Reached skill level 1 in Armour
   629 | D:2      | Reached skill level 5 in Ranged Weapons
   635 | D:2      | 635 ||| FLEEEEING.
   803 | D:2      | Reached XP level 4. HP: 27/27 MP: 4/4
   992 | D:2      | 992 ||| READING 3 scrolls of identify.
   992 | D:2      | 992 ||| IDENTIFYING emerald potion
   993 | D:2      | 993 ||| READING 2 scrolls of identify.
   993 | D:2      | 993 ||| IDENTIFYING puce potion
   994 | D:2      | 994 ||| READING scroll of identify.
   994 | D:2      | 994 ||| IDENTIFYING pink potion
   995 | D:2      | 995 ||| READING scroll labelled VAIN NONENKOE.
   995 | D:2      | 995 ||| ENCHANTING +0 shortbow.
   996 | D:2      | 996 ||| READING scroll labelled XUIFEO XUSH.
   996 | D:2      | 996 ||| ENCHANTING +0 shortbow.
   997 | D:2      | 997 ||| READING 2 scrolls labelled POCILE WOINUMPUIBB.
   998 | D:2      | 998 ||| DROPPING potion of attraction.
   999 | D:2      | 999 ||| DROPPING scroll of amnesia.
  1025 | D:3      | 1025 ||| STAIRDANCE
  1037 | D:3      | Reached skill level 3 in Fighting
  1130 | D:3      | Noticed Jessica
  1133 | D:3      | 1133 ||| FLEEEEING.
  1144 | D:3      | 1144 ||| FLEEEEING.
  1145 | D:3      | 1145 ||| FLEEEEING.
  1146 | D:3      | 1146 ||| FLEEEEING.
  1147 | D:3      | 1147 ||| FLEEEEING.
  1148 | D:3      | 1148 ||| FLEEEEING.
  1149 | D:3      | 1149 ||| STAIRDANCE
  1160 | D:2      | 1160 ||| READING scroll of identify.
  1160 | D:2      | 1160 ||| IDENTIFYING clear potion
  1166 | D:3      | Killed Jessica
  1199 | D:3      | 1199 ||| FLEEEEING.
  1202 | D:3      | 1202 ||| FLEEEEING.
  1203 | D:3      | 1203 ||| FLEEEEING.
  1204 | D:3      | 1204 ||| FLEEEEING.
  1205 | D:3      | 1205 ||| FLEEEEING.
  1206 | D:3      | 1206 ||| FLEEEEING.
  1207 | D:3      | 1207 ||| FLEEEEING.
  1208 | D:3      | 1208 ||| FLEEEEING.
  1209 | D:3      | 1209 ||| FLEEEEING.
  1210 | D:3      | 1210 ||| FLEEEEING.
  1212 | D:3      | 1212 ||| STAIRDANCE
  1220 | D:2      | 1220 ||| STAIRDANCE
  1247 | D:3      | 1247 ||| STAIRDANCE
  1257 | D:3      | 1257 ||| STAIRDANCE
  1279 | D:3      | Reached XP level 5. HP: 28/32 MP: 5/5
  1332 | D:3      | Reached skill level 6 in Ranged Weapons
  1397 | D:3      | HP: 3/32 [orc priest/divine providence (9)]
  1401 | D:3      | 1401 ||| FLEEEEING.
  1922 | D:3      | 1922 ||| RETREEEEATING.
  1936 | D:3      | Reached XP level 6. HP: 38/38 MP: 6/6
  1959 | D:3      | 1959 ||| FLEEEEING.
  2116 | D:3      | 2116 ||| UPGRADING to +1 hat.
  2121 | D:3      | 2121 ||| READING scroll labelled DASIXT XUNEUS.
  2122 | D:3      | 2122 ||| FLEEEEING.
  2147 | D:4      | Found an opulent altar of Gozag.
  2317 | D:4      | 2317 ||| RETREEEEATING.
  2320 | D:4      | 2320 ||| RETREEEEATING.
  2338 | D:4      | HP: 9/38 [gnoll/+0 halberd[a gnoll bouda] (12)]
  2397 | D:4      | 2397 ||| FLEEEEING.
  2467 | D:4      | Reached skill level 7 in Ranged Weapons
  2543 | D:4      | Found a bloodstained altar of Trog.
  2599 | D:4      | 2599 ||| FLEEEEING.
  2667 | D:4      | Reached XP level 7. HP: 37/43 MP: 7/7
  2769 | D:4      | 2769 ||| FLEEEEING.
  2804 | D:4      | Noticed Duvessa
  2804 | D:4      | Noticed Dowan
  2832 | D:4      | HP: 4/43 [Duvessa/+0 short sword of protection (7)]
  2833 | D:4      | Slain by Dowan

Levels and vault maps discovered:
D:1:      mainiacjoe_arrival_reflecting_pool, layout_basic
D:2:      layout_loops_ring
D:3:      layout_basic, moated_statue, hellmonk_no_cap, uniq_jessica
D:4:      layout_cave_pods, nicolae_overflow_crystal_walls,
          mainiacjoe_overflow_boulevard, kennysheep_generic_room_8, uniq_duvessa

Skill      XL: |  1  2  3  4  5  6 |
---------------+-------------------+-----
Armour         | 1 |  1.3
Ranged Weapons | 5 6 7 |  7.6
Fighting       | 3 4 |  4.1
Dodging        | |  1.5
Stealth        | |  1.1

Action                     |  1- 3 |  4- 6 |  7- 9 || total
---------------------------+-------+-------+-------++-------
   Fire: Shortbow          |    86 |   205 |    36 ||   327
    Use: Scroll            |     2 |     8 |       ||    10
 Armour: Leather armour    |     3 |       |       ||     3
         Ring mail         |    18 |    51 |    28 ||    97
  Dodge: Dodged            |    50 |   111 |    35 ||   196

Table legend:
 A = Non-vault XP
 B = Vault XP
 C = Vault XP percentage of total XP
 D = Non-vault monster count
 E = Vault monster count
 F = Vault count percentage of total count
                 A         B        C        D         E       F
            +---------+---------+-------+---------+---------+-------
      Total |     579 |     154 |  21.0 |      75 |       6 |   7.4
            +---------+---------+-------+---------+---------+-------
        D:1 |      34 |       0 |   0.0 |      18 |       0 |   0.0
        D:2 |      60 |       0 |   0.0 |      20 |       0 |   0.0
        D:3 |     164 |     154 |  48.4 |      22 |       6 |  21.4
        D:4 |     321 |       0 |   0.0 |      15 |       0 |   0.0
            +---------+---------+-------+---------+---------+-------
